 Dungeon Crawl Stone Soup version 0.21.0 (webtiles) character file.

828 BrokenGlass the Grappler (level 7, -1/46 HPs)
             Began as an Octopode Fighter on Jan 8, 2018.
             Slain by Edmund
             ... wielding a +4 dire flail of draining
              (2 damage)
             ... on level 5 of the Dungeon.
             The game lasted 00:04:20 (4947 turns).

BrokenGlass the Grappler (Octopode Fighter)         Turns: 4947, Time: 00:04:21

Health: -1/46      AC:  1    Str: 16    XL:     7   Next: 97%
Magic:  7/7        EV: 13    Int: 10    God:
Gold:   134        SH:  0    Dex: 13    Spells: 6/6 levels left

rFire    . . .     SeeInvis .     - Unarmed
rCold    . . .     Gourm    .   (no shield)
rNeg     . . .     Faith    .   (helmet restricted)
rPois    .         Spirit   .   (no amulet)
rElec    .         Reflect  .   e - ring of wizardry
rCorr    .         Harm     .   (no ring)
MR       .....                  (no ring)
Stlth    ++........             (no ring)
HPRegen  0.15/turn              (no ring)
MPRegen  0.10/turn              (no ring)
                                (no ring)
                                (no ring)

@: heavily drained
A: almost no armour, stealthy swim, amphibious, 8 rings, constrict 8, camouflage
1, gelatinous body 1
a: no special abilities


You were on level 5 of the Dungeon.
You were not hungry.

You visited 1 branch of the dungeon, and saw 5 of its levels.
You also visited: Sewer.

You collected 134 gold pieces.

Inventory:

Missiles
 g - 41 bolts
Armour
 a - a +0 shield
Jewellery
 e - a ring of wizardry (left tentacle)
 p - an uncursed amulet of harm {unknown}
Scrolls
 d - 4 scrolls of identify {unknown}
 f - a scroll of fog {unknown}
 j - a scroll of teleportation {unknown}
 l - a scroll of amnesia {unknown}
 m - 2 scrolls of remove curse {unknown}
 n - a scroll of noise {unknown}
 o - 2 scrolls of enchant armour {unknown}
Potions
 b - 2 potions of might
 h - 3 potions of invisibility {unknown}
 i - 2 potions of lignification {unknown}
 k - a potion of mutation {unknown}
 q - a potion of haste {unknown}
 r - 4 potions of curing {unknown}
 s - a potion of flight {unknown}
 t - 6 potions of heal wounds {unknown}
 u - 4 potions of brilliance {unknown}
 v - 2 potions of agility {unknown}
 w - 3 potions of resistance {unknown}
Comestibles
 c - 12 rations
 x - a chunk of flesh


   Skills:
 - Level 3.0(1.8) Fighting
 - Level 3.0(1.8) Dodging
 - Level 3.0(1.8) Shields
 + Level 8.9(7.5) Unarmed Combat


You had 6 spell levels left.
You didn't know any spells.

Dungeon Overview and Level Annotations

Branches:
Dungeon (5/15)
 Temple: D:4-7

Altars:
Elyvilon
Makhleb
Nemelex Xobeh
Okawaru
Zin
The Shining One

Annotations:
D:5 Edmund


Innate Abilities, Weirdness & Mutations

You cannot wear most types of armour.
You are very stealthy in the water. (Stealth+)
You are amphibious.
You can wear up to eight rings at the same time.
You can use your tentacles to constrict eight enemies at once.
Your skin changes colour to match your surroundings (Stealth+).
Your rubbery body absorbs attacks. (AC +1, EV +1)


Message History

You constrict Edmund, but do no damage. You tentacle-slap Edmund.
Edmund is heavily wounded.
You constrict Edmund.
Edmund hits you with a dire flail of draining!
You feel drained.
You are too injured to fight recklessly!
You are too injured to fight recklessly!
You are too injured to fight recklessly!
You are too injured to fight recklessly!
You are too injured to fight recklessly!
Unknown command.
You bludgeon Edmund!
You tentacle-slap Edmund, but do no damage.
Edmund is severely wounded.
You constrict Edmund.
Edmund hits you with a dire flail of draining!
* * * LOW HITPOINT WARNING * * *
You feel drained.
You die...

###...#.#...... #
#.............. #
#.###.......... # #.
##......... ..# #.
#.......... ...
###.###..##...... ..#
#........# ...... ...#
..#.#..### #..### ##
#@## ?.# ######
......@......# .###....>
###....#####............
#..## ##..... ....
#..... .... #..... ...
......... ... ...#.....
.. #.....


You could see Edmund.

Vanquished Creatures
  The ghost of BrokenGlass the Insei, an amateur OpFi (D:4)
  An ogre (D:5)
  The ghost of BrokenGlass the Insei, an amateur OpFi (D:3)
  A big kobold (Sewer)
  A scorpion (D:4)
  A howler monkey (D:5)
  A bullfrog skeleton (D:4)
  An orc wizard (D:3)
  An iguana (D:5)
  2 worker ants
  A hound skeleton (D:4)
  7 adders
  2 adder skeletons (D:4)
  4 worms
  2 dart slugs
  A leopard gecko (D:4)
  4 orcs (D:3)
  4 giant cockroaches
  6 goblins
  13 hobgoblins
  10 jackals
  5 ball pythons
  8 bats
  3 frilled lizards
  16 kobolds
  10 rats
107 creatures vanquished.

Notes
Turn   | Place    | Note
-------+----------+-------------------------------------------
     0 | D:1      | BrokenGlass the Octopode Fighter began the quest for the Orb.
     0 | D:1      | Reached XP level 1. HP: 16/16 MP: 1/1
    96 | D:1      | Reached XP level 2. HP: 19/21 MP: 2/2
   194 | D:1      | Reached skill level 3 in Unarmed Combat
   781 | D:1      | Reached XP level 3. HP: 26/26 MP: 3/3
  1249 | D:2      | Found a glowing golden altar of the Shining One.
  1249 | D:2      | Found a white marble altar of Elyvilon.
  1249 | D:2      | Found a glowing silver altar of Zin.
  1416 | D:3      | Reached skill level 4 in Unarmed Combat
  1416 | D:3      | Reached XP level 4. HP: 11/31 MP: 4/4
  1696 | D:3      | Noticed BrokenGlass's ghost (amateur OpFi)
  1934 | D:4      | Reached skill level 5 in Unarmed Combat
  1934 | D:4      | Reached XP level 5. HP: 17/36 MP: 5/5
  2261 | D:4      | Noticed BrokenGlass's ghost (amateur OpFi)
  2269 | D:4      | Killed BrokenGlass's ghost
  2269 | D:4      | Reached skill level 6 in Unarmed Combat
  2269 | D:4      | Reached XP level 6. HP: 13/42 MP: 6/6
  2519 | D:3      | Found an iron altar of Okawaru.
  2643 | D:3      | Killed BrokenGlass's ghost
  2643 | D:3      | Reached skill level 7 in Unarmed Combat
  2643 | D:3      | Reached XP level 7. HP: 32/46 MP: 7/7
  3149 | D:3      | Found a burning altar of Makhleb.
  3299 | D:4      | Found a sparkling altar of Nemelex Xobeh.
  3389 | D:4      | Noticed a hippogriff
  3474 | D:5      | Entered Level 5 of the Dungeon
  3673 | D:5      | Reached skill level 8 in Unarmed Combat
  3754 | D:5      | Found a glowing drain.
  3769 | Sewer    | Entered a sewer
  4937 | D:5      | Noticed Edmund
  4947 | D:5      | HP: 1/46 [Edmund/dire flail of draining (13)]
  4947 | D:5      | Slain by Edmund

Skill      XL: |  1  2  3  4  5  6  7 |
---------------+----------------------+-----
Unarmed Combat | 3 4 5 6 7 8 |  8.9
Fighting       | |  3.0
Dodging        | |  3.0
Shields        | |  3.0

Action                   |  1- 3 |  4- 6 |  7- 9 || total
-------------------------+-------+-------+-------++-------
Melee: Unarmed           |    72 |    56 |   117 ||   245
       Constrict         |    26 |     9 |    34 ||    69
       Tentacles         |    19 |    13 |    24 ||    56
       Punch             |     1 |     2 |     5 ||     8
  Use: Potion            |       |     1 |       ||     1
 Stab: Sleeping          |     5 |     3 |     2 ||    10
  Eat: Chunk             |       |     5 |     8 ||    13
Armor: Skin              |    10 |     1 |     5 ||    16
Dodge: Dodged            |    61 |    23 |    72 ||   156
